 Dungeon Sprint DCSS version 0.21.1-1-g345015f (webtiles) character file.

278 doot the Grappler (level 8, -7/88 HPs)
             Began as a Troll Berserker on June 12, 2018.
             Was an Elder of Trog.
             Mangled by the 27-headed Lernaean hydra (10 damage)
             ... in the Dungeon (Sprint VI: "Thunderdome").
             The game lasted 00:06:33 (794 turns).

doot the Grappler (Troll Berserker)                  Turns: 794, Time: 00:06:34

Health: -7/88      AC:  7    Str: 30    XL:     8   Next: 85%
Magic:  7/7        EV: 14    Int:  3    God:    Trog [****..]
Gold:   150        SH:  4    Dex: 12    Spells: 7/7 levels left

rFire    + . .     SeeInvis +   u - +2 battleaxe (distort)
rCold    . . .     Gourm    +   (shield currently unavailable)
rNeg     . . .     Faith    .   v - +0 troll leather armour
rPois    +         Spirit   .   (helmet restricted)
rElec    .         Reflect  +   (no cloak)
rCorr    .         Harm     .   (gloves unavailable)
MR       .....     NoTele   +   (boots unavailable)
Stlth    +++.......             s - amulet "Dymif" {Reflect rPois SH+4}
HPRegen  1.04/turn              t - ring "Pykepil" {rF+ Str+2 Stlth+}
MPRegen  0.10/turn              o - ring of Arghi Bog {Dex+3 SInv}

@: no status effects
A: large, unfitting armour, claws 3, fast metabolism 3, gourmand, regeneration
1, shaggy fur 1, tough skin 2
a: Berserk, Trog's Hand, Brothers in Arms, Burn Spellbooks, Renounce Religion


You were in the Dungeon.
You worshipped Trog.
Trog was greatly pleased with you.
You were full.

You visited 1 branch You collected 600 gold pieces.
You spent 450 gold pieces at shops.

Inventory:

Hand Weapons
 a - a +0 mace
 u - a +2 battleaxe of distortion (weapon)
Armour
 b - a +0 animal skin
 v - a +0 troll leather armour (worn)
Jewellery
 n - the ring "Seaxkaus" {rElec rPois AC+3 Int-3 Stlth+}
   (You bought it in a shop in the Dungeon)

   [ring of protection]

   It affects your AC (+3).
   It affects your intelligence (-3).
   It insulates you from electricity.
   It protects you from poison.
   It makes you more stealthy.
 o - the ring of Arghi Bog (right claw) {Dex+3 SInv}
   (You bought it in a shop in the Dungeon)

   [ring of dexterity]

   It affects your dexterity (+3).
   It lets you see invisible.
 p - the amulet of Enyviq {Inacc rC+ Dex+7 Stlth-}
   (You bought it in a shop in the Dungeon)

   [amulet of inaccuracy]

   It reduces the accuracy of all your attacks.
   It affects your dexterity (+7).
   It protects you from cold.
   It makes you less stealthy.
 q - the amulet of Ampug {Inacc Int+4 Dex+3 SInv Stlth+}
   (You bought it in a shop in the Dungeon)

   [amulet of inaccuracy]

   It reduces the accuracy of all your attacks.
   It affects your intelligence (+4).
   It affects your dexterity (+3).
   It lets you see invisible.
   It makes you more stealthy.
 s - the amulet "Dymif" (around neck) {Reflect rPois SH+4}
   (You bought it in a shop in the Dungeon)

   [amulet of reflection]

   It shields you and reflects attacks.
   It protects you from poison.
   It affects your SH (+4).
 t - the ring "Pykepil" (left claw) {rF+ Str+2 Stlth+}
   (You bought it in a shop in the Dungeon)

   [ring of strength]

   It affects your strength (+2).
   It protects you from fire.
   It makes you more stealthy.
Wands
 j - a wand of acid (5)
 k - a wand of iceblast (5)
 r - a wand of scattershot (5)
Scrolls
 i - 4 scrolls of blinking
 l - 3 scrolls of fog
Potions
 d - 2 potions of curing
 e - 4 potions of heal wounds
 f - 4 potions of haste
 g - 2 potions of magic
 h - a potion of berserk rage
 m - a potion of resistance
Comestibles
 c - 2 rations


   Skills:
 + Level 7.8 Fighting
 * Level 2.6(5.2) Axes
 + Level 7.7(8.0) Maces & Flails
 + Level 9.2 Dodging
 + Level 3.2 Stealth
 + Level 10.4 Unarmed Combat


You had 7 spell levels left.
You didn't know any spells.

Dungeon Overview and Level Annotations

Branches:
Dungeon (1/1)

Altars:
Cheibriados
Dithmenos
Fedhas
Gozag
Kikubaaqudgha
Makhleb
Okawaru
Qazlal
Ru
Sif Muna
Trog
Uskayaw
Vehumet
Wu Jian
Xom
Yredelemnul
Zin
The Shining One
Beogh
Jiyva
Lugonu

Shops:
D *[%??*?*:[((!!!!

Annotations:
D Lernaean hydra


Innate Abilities, Weirdness & Mutations

You are too large for most types of armour.
You have claws for hands.
Your metabolism is lightning-fast.
You like to eat raw meat.
Your natural rate of healing is unusually fast.
You are covered in fur. (AC +1)
You have very tough skin. (AC +2)


Message History

a robe; a hand axe
There is a staircase leading out of the dungeon here.
A tyrant leech comes into view.
There is a staircase leading out of the dungeon here.
Things that are here:
a robe; a hand axe of chopping The tyrant leech barely misses you.
You closely miss the tyrant leech. The tyrant leech bites you!!
The tyrant leech draws strength from your injuries!
The 27-headed Lernaean hydra bites you!
The 27-headed Lernaean hydra bites you. x2
The 27-headed Lernaean hydra completely misses you.
The 27-headed Lernaean hydra bites you!
* * * LOW HITPOINT WARNING * * *
The 27-headed Lernaean hydra bites you!
* * * LOW HITPOINT WARNING * * *
The 27-headed Lernaean hydra closely misses you.
The 27-headed Lernaean hydra bites you!
* * * LOW HITPOINT WARNING * * *
The 27-headed Lernaean hydra bites you!
You die...

#⌠...........⌠#
######[8.........8.######
##k_._......###......___∩##
#∩........8.# #.8%.......∩###
.......)÷...###.............##
.........###[..###..........⌠#
.........# #.<.# #..........⌠#
.........###..w###..........⌠#
...........i###.@...........##
#∩........8.# #D8........∩###
##∩___......###i.....___∩##
######.8.........8.######
#⌠...........t#
###.........### #........_#
#_......._# #_......._#


You could see the 27-headed Lernaean hydra, an alligator (wandering), a tyrant
leech and a spriggan rider.

Vanquished Creatures
  Pikel (D)
  A hornet (D)
  2 wraiths (D)
  2 yaks (D)
  A basilisk (D)
  A big kobold (D)
  2 wights (D)
  An iguana (D)
  Ijyb (D)
  Jessica (D)
  A worker ant (D)
  A river rat (D)
  A spectral bat (D)
  2 hobgoblins (D)
  A frilled lizard (D)
  A goblin (D)
  A rat (D)
  A spectral ball python (D)
22 creatures vanquished.

Vanquished Creatures (collateral kills)
  A komodo dragon (D)
1 creature vanquished.

Vanquished Creatures (others)
  A yak (D)
1 creature vanquished.

Grand Total: 24 creatures vanquished

Notes
Turn   | Place    | Note
-------+----------+-------------------------------------------
     0 | D        | doot the Troll Berserker began the quest for the Orb.
     0 | D        | Reached XP level 1. HP: 22/22 MP: 0/0
     1 | D        | Found a hide-covered altar of Uskayaw.
     1 | D        | Found a snail-covered altar of Cheibriados.
     2 | D        | Found a roughly hewn altar of Beogh.
     3 | D        | Found a blossoming altar of Fedhas.
     3 | D        | Found a basalt altar of Yredelemnul.
     4 | D        | Found Hanko's Delicious Food.
     4 | D        | Found an ornate altar of the Wu Jian Council.
     4 | D        | Found a glowing silver altar of Zin.
     4 | D        | Found Gufoppigg's Identification Station.
     5 | D        | Found Binto's Jewellery.
     5 | D        | Found Toeda's Advanced Armour.
     5 | D        | Round 1.
    13 | D        | Bought a wavering brass ring for 45 gold pieces
    13 | D        | Bought a faintly glowing ivory ring for 45 gold pieces
    13 | D        | Bought a steaming zirconium amulet for 45 gold pieces
    13 | D        | Lost intelligence.
    13 | D        | Identified the ring "Seaxkaus" {rElec rPois AC+3 Int-3 Stlth+} (You bought it in a shop in the Dungeon)
    18 | D        | Identified the ring of Arghi Bog {Dex+3 SInv} (You bought it in a shop in the Dungeon)
    19 | D        | Identified the amulet of Enyviq {Inacc rC+ Dex+7 Stlth-} (You bought it in a shop in the Dungeon)
    20 | D        | Bought a vibrating iron amulet for 45 gold pieces
    21 | D        | Identified the amulet of Ampug {Inacc Int+4 Dex+3 SInv Stlth+} (You bought it in a shop in the Dungeon)
    28 | D        | Found an opulent altar of Gozag.
    30 | D        | Found Xuath's Magic Scroll Shop.
    31 | D        | Found a corrupted altar of Lugonu.
    31 | D        | Found a radiant altar of Vehumet.
    31 | D        | Found Ittur's Staff Store.
    31 | D        | Found Cusish's Magic Scroll Shop.
    31 | D        | Found Nukyvec's Must-Have Magic.
    32 | D        | Noticed a worker ant
    54 | D        | Killed a worker ant
    54 | D        | Reached XP level 2. HP: 15/31 MP: 1/1
    62 | D        | Found an ancient bone altar of Kikubaaqudgha.
    63 | D        | Found a shadowy altar of Dithmenos.
    64 | D        | Found a viscous altar of Jiyva.
    65 | D        | Found Syhacada's Distillery.
    65 | D        | Found a stormy altar of Qazlal.
    65 | D        | Found an iron altar of Okawaru.
    65 | D        | Found a shimmering altar of Xom.
    65 | D        | Found Ostruoch's Do-It-Yourself Clinic.
    66 | D        | Found Weschin's Distillery.
    66 | D        | Found Ippao's Bottled Wisdom.
    70 | D        | Found a bloodstained altar of Trog.
    73 | D        | Found a glowing golden altar of the Shining One.
    74 | D        | Found a sacrificial altar of Ru.
    74 | D        | Found Sataoruat's Weapon Rack.
    75 | D        | Found Olienn's Basic Armour.
    75 | D        | Found Gosi's Miscellaneous Merchandise.
    76 | D        | Found a burning altar of Makhleb.
    76 | D        | Found a deep blue altar of Sif Muna.
    76 | D        | Found Unnet's Premium Goods.
    91 | D        | Reached ** piety under Trog
    95 | D        | Noticed Jessica
   103 | D        | Killed Jessica
   103 | D        | Reached skill level 1 in Unarmed Combat
   103 | D        | Reached XP level 3. HP: 39/39 MP: 2/2
   142 | D        | Arena points: 12 (+12) [x2]
   142 | D        | Reached XP level 4. HP: 47/49 MP: 3/3
   186 | D        | Round 2.
   227 | D        | Noticed Ijyb
   233 | D        | Reached *** piety under Trog
   239 | D        | Noticed Pikel
   251 | D        | Killed Ijyb
   251 | D        | Reached skill level 5 in Dodging
   251 | D        | Reached skill level 2 in Unarmed Combat
   276 | D        | Killed Pikel
   276 | D        | Reached skill level 6 in Unarmed Combat
   276 | D        | Reached XP level 5. HP: 50/61 MP: 4/4
   276 | D        | Reached XP level 6. HP: 55/68 MP: 5/5
   276 | D        | Reached XP level 7. HP: 62/76 MP: 6/6
   352 | D        | Reached **** piety under Trog
   352 | D        | Arena points: 54 (+42) [x3]
   369 | D        | Bought a faintly glowing bone amulet for 45 gold pieces
   369 | D        | Lost intelligence.
   373 | D        | Identified the amulet "Dymif" {Reflect rPois SH+4} (You bought it in a shop in the Dungeon)
   374 | D        | Bought a heavily runed steel ring for 45 gold pieces
   375 | D        | Identified the ring "Pykepil" {rF+ Str+2 Stlth+} (You bought it in a shop in the Dungeon)
   383 | D        | Round 3.
   451 | D        | Noticed a wraith
   462 | D        | Killed a wraith
   462 | D        | Reached skill level 7 in Unarmed Combat
   490 | D        | Noticed a wraith
   499 | D        | Killed a wraith
   499 | D        | Reached skill level 8 in Unarmed Combat
   512 | D        | Reached ***** piety under Trog
   535 | D        | Arena points: 138 (+84) [x4]
   561 | D        | Round 4.
   629 | D        | Noticed a basilisk
   636 | D        | Killed a basilisk
   636 | D        | Reached XP level 8. HP: 87/87 MP: 7/7
   655 | D        | Received a gift from Trog
   663 | D        | Noticed a komodo dragon
   670 | D        | Reached skill level 9 in Unarmed Combat
   672 | D        | Reached skill level 1 in Axes
   688 | D        | Killed a komodo dragon
   688 | D        | Arena points: 278 (+140) [x5]
   688 | D        | Reached skill level 10 in Unarmed Combat
   712 | D        | Round 5.
   713 | D        | Noticed the 27-headed Lernaean hydra
   716 | D        | Bought a +0 troll leather armour for 180 gold pieces
   736 | D        | Noticed a hornet
   736 | D        | Noticed a spriggan rider
   745 | D        | Killed a hornet
   775 | D        | Noticed a tyrant leech
   794 | D        | HP: 3/88 [the 27-headed Lernaean hydra (7)]
   794 | D        | Mangled by the 27-headed Lernaean hydra

Skill      XL: |  1  2  3  4  5  6  7  8 |
---------------+-------------------------+-----
Fighting       | 3 4 6 7 |  7.8
Maces & Flails | 3 4 6 7 |  7.7
Dodging        | 3 4 7 8 9 |  9.2
Unarmed Combat | 1 6 8 10 | 10.4
Stealth        | 2 3 |  3.2
Axes           | 2 |  2.6

Action                   |  1- 3 |  4- 6 |  7- 9 || total
-------------------------+-------+-------+-------++-------
Melee: Unarmed           |    30 |    44 |    49 ||   123
       Punch             |       |       |     2 ||     2
       Battleaxe         |       |       |    11 ||    11
Invok: Brothers in Arms  |       |       |     3 ||     3
       Berserk           |       |       |     1 ||     1
 Stab: Distracted        |     1 |       |       ||     1
  Eat: Chunk             |     1 |     4 |     6 ||    11
Armor: Animal skin       |    18 |    17 |     7 ||    42
       Troll leather arm |       |       |     2 ||     2
Dodge: Dodged            |    31 |    15 |    32 ||    78
Block: Other             |       |       |     7 ||     7
